 Dungeon Crawl Stone Soup version 0.30-a0-469-g84de5afbc5 (webtiles) character file.

Game seed: 7626469778780470088

42 kae the Firebug (level 3, -2/19 HPs)
             Began as a Tengu Fire Elementalist on Dec 19, 2022.
             Slain by an adder (3 damage)
             ... on level 2 of the Dungeon on Dec 20, 2022.
             The game lasted 00:01:55 (1121 turns).

kae the Firebug (Tengu Fire Elementalist)           Turns: 1121, Time: 00:01:55

Health: -2/19      AC:  2    Str:  8    XL:     3   Next: 54%
Magic:  1/7        EV: 12    Int: 17    God:
Gold:   40         SH:  0    Dex: 14    Spells: 1/7 levels left

rFire   . . .      SeeInvis .    d - +3 hand axe (freeze)
rCold   . . .      Faith    .    (no shield)
rNeg    . . .      Spirit   .    a - +0 robe
rPois   .          Reflect  .    (helmet restricted)
rElec   .          Harm     .    (no cloak)
rCorr   .          Rampage  .    (no gloves)
Will    .....                    (boots unavailable)
Stlth   ++........               (no amulet)
HPRegen 0.23/turn                (no ring)
MPRegen 0.10/turn                (no ring)

@: lethally poisoned (-2 -> -7)
A: beak, talons 3
a: no special abilities


You were on level 2 of the Dungeon.
You visited 1 branch of the dungeon, and saw 3 of its levels.

You collected 40 gold pieces.


Innate Abilities, Weirdness & Mutations

You have a beak for a mouth.
You have claws for feet.


   Skills:
 - Level 2.1 Dodging
 - Level 2.0 Stealth
 + Level 2.5 Spellcasting
 * Level 2.8 Conjurations
 * Level 3.9 Fire Magic


You had one spell level left.
You knew the following spells:

 Your Spells              Type           Power      Damage    Failure   Level
a - Foxfire               Conj/Fire      52%        2x1d6     4%          1
b - Scorch                Fire           30%        2d6       5%          2
c - Inner Flame           Hex/Fire       8%         N/A       24%         3

Your spell library contained the following spells:

 Spells                   Type           Power      Damage    Failure   Level
 Kindle Blastsparks       Fire/Tloc/Air  12%        2d11      32%         3
 Flame Wave               Conj/Fire      13%        2d6       41%         4

Inventory:

Hand Weapons
 d - a +3 hand axe of freezing (weapon)
   (You found it on level 1 of the Dungeon)
Missiles
 c - 22 stones
 h - 3 boomerangs
Armour
 a - a +0 robe (worn)
 j - a +2 hat
   (You found it on level 3 of the Dungeon)
Jewellery
 g - an amulet of regeneration
   (You found it on level 3 of the Dungeon)
Scrolls
 f - 2 scrolls of identify {@r1}
Potions
 b - a potion of magic
 e - a potion of cancellation

Dungeon Overview and Level Annotations

Branches:
Dungeon (3/15) Zot: 16877

Altars:

#.#.#
.#.#
....
#..#
#..#
#..###.#
#......#
#S@#
####


You could see an adder.


Message History

An endoplasm is nearby!
Casting: Foxfire (safe; 4% risk of failure)
Confirm with . or Enter, or press ? or * to list all spells.
You conjure some foxfire! 😎 MP[-1]
You lost 1 mp, and now have 5/7 mp.
Casting: Foxfire (safe; 4% risk of failure)
Confirm with . or Enter, or press ? or * to list all spells.
You conjure some foxfire!
The endoplasm quivers.
The foxfire hits the endoplasm.
You kill the endoplasm! 😎 MP[-1]
You lost 1 mp, and now have 4/7 mp.
A frilled lizard comes into view.
You see here a +0 scale mail.
A frilled lizard comes into view.
Found a leather armour and a scroll labelled PIRGHEO JUEB.
Found a stone staircase leading up and a stone staircase leading down.
You see here a +2 hat.
j - a +2 hat The frilled lizard hisses angrily.
Casting: Foxfire (safe; 4% risk of failure)
Confirm with . or Enter, or press ? or * to list all spells.
You conjure some foxfire!
The foxfire hits the frilled lizard.
You kill the frilled lizard!
A worm and a goblin come into view.
Casting: Foxfire (safe; 4% risk of failure)
Confirm with . or Enter, or press ? or * to list all spells.
You conjure some foxfire!
The foxfire hits the goblin but does no damage.
The foxfire hits the goblin. 😎 MP[-1]
You lost 1 mp, and now have 3/7 mp.
Casting: Foxfire (safe; 4% risk of failure)
Confirm with . or Enter, or press ? or * to list all spells.
You conjure some foxfire!
The foxfire hits the goblin but does no damage. x2 😎 MP[-1]
You lost 1 mp, and now have 2/7 mp.
An adder comes into view.
Casting: Foxfire (safe; 4% risk of failure)
Confirm with . or Enter, or press ? or * to list all spells.
You conjure some foxfire!
The goblin hits you with a +0 dagger.
The adder hisses angrily.
The foxfire hits the goblin but does no damage. x2
The goblin barely misses you. 😕 HP[-2] MP[-1]
You take 2 damage, and now have 17/19 hp.
You lost 1 mp, and now have 1/7 mp.
Casting: Foxfire (safe; 4% risk of failure)
Confirm with . or Enter, or press ? or * to list all spells.
You conjure some foxfire!
The goblin barely misses you.
The foxfire hits the goblin.
You kill the goblin!
The foxfire hits the worm. 😕 HP[+1]
Found a stone staircase leading down.
The adder bites you.
You are poisoned.
The adder poisons you! The adder closely misses you. 😕 HP[-1]
You take 1 damage, and now have 17/19 hp.
The adder attacks as you move away! The adder bites you.
You are more poisoned.
The adder poisons you!
You feel sick. 😮 HP[-5]
You take 5 damage, and now have 12/19 hp.
MASSIVE DAMAGE!! (PAUSE)
You feel sick.
There is a stone staircase leading up here. 😮 HP[-1]
You take 1 damage, and now have 11/19 hp.
You feel sick. The adder bites you.
* * * LOW HITPOINT WARNING * * *
You are lethally poisoned!
The adder poisons you! The adder bites you but does no damage.
You climb upwards.
* * * LOW HITPOINT WARNING * * *
You feel sick.
There is a stone staircase leading down here. 😨 HP[-6]
You take 6 damage, and now have 5/19 hp.
MASSIVE DAMAGE!! (PAUSE) Drinking this now will have no effect.
Unknown command.
Unknown command.
As you read the scroll labelled PIRGHEO JUEB, it crumbles to dust.
It is a scroll of enchant weapon.
Your +2 hand axe of freezing glows red for a moment.
* * * LOW HITPOINT WARNING * * *
You feel very sick. The adder closely misses you. 😱 HP[-3]
You take 3 damage, and now have 2/19 hp.
You closely miss the adder.
* * * LOW HITPOINT WARNING * * *
You feel sick. The adder bites you.
You die...

Skill      XL: |  1  2 |
---------------+-------+-----
Conjurations   | 2 |  2.8
Dodging        | |  2.1
Stealth        | |  2.0
Spellcasting   | |  2.5
Fire Magic     | |  3.9

Action                   || total
-------------------------++-------
Melee: Hand axe          ||     6
       Kick              ||     1
       Peck              ||     1
 Cast: Foxfire           ||    73
       Scorch            ||     1
  Use: Scroll            ||     3
Armor: Robe              ||     5
Dodge: Dodged            ||    12

Levels and vault maps discovered:
D:1:      wander_arrival_estate, layout_rooms, supply_closet_lemuel
D:2:      layout_basic, shapermc_ecumenical_altar_mp_urbaneastern
D:3:      layout_rooms, uniq_crazy_yiuf_cottage

Notes
Turn   | Place    | Note
-------+----------+-------------------------------------------
     0 | D:1      | kae the Tengu Fire Elementalist began the quest for the
                  | Orb.
     0 | D:1      | Reached XP level 1. HP: 10/10 MP: 4/4
     0 | D:1      | magus.rc [v1.11.3]
     0 | D:1      | magus.rc [v1.11.3]
   123 | D:1      | Reached XP level 2. HP: 15/15 MP: 3/6
   170 | D:1      | Reached skill level 2 in Conjurations
   173 | D:1      | Learned a level 2 spell: Scorch
   631 | D:1      | Reached XP level 3. HP: 19/19 MP: 5/7
   635 | D:1      | Learned a level 3 spell: Inner Flame
   954 | D:2      | You fall into a shaft and drop 1 floor!
  1120 | D:2      | HP: 2/19 [poisoned by an adder]
  1121 | D:2      | Slain by an adder

Vanquished Creatures
  2 dart slugs
  2 endoplasms
  3 giant cockroaches
  7 goblins
  3 hobgoblins
  A quokka (D:2)
  2 ball pythons
  4 bats (D:1)
  5 frilled lizards
  5 kobolds (D:1)
  4 rats
38 creatures vanquished.

Vanquished Creatures (others)
  129 foxfires
129 creatures vanquished.

Grand Total: 167 creatures vanquished

Table legend:
 A = Non-vault XP
 B = Vault XP
 C = Vault XP percentage of total XP
 D = Non-vault monster count
 E = Vault monster count
 F = Vault count percentage of total count
                 A         B        C        D         E       F
            +---------+---------+-------+---------+---------+-------
      Total |      60 |       0 |   0.0 |      38 |       0 |   0.0
            +---------+---------+-------+---------+---------+-------
        D:1 |      40 |       0 |   0.0 |      27 |       0 |   0.0
        D:2 |       5 |       0 |   0.0 |       3 |       0 |   0.0
        D:3 |      15 |       0 |   0.0 |       8 |       0 |   0.0
            +---------+---------+-------+---------+---------+-------

Illustrated notes

Table legend:
 A = Kills in this place as a percentage of kills in entire the game.
 B = Kills by you in this place as a percentage of kills by you in the entire game.
 C = Kills by friends in this place as a percentage of kills by friends in the entire game.
 D = Other kills in this place as a percentage of other kills in the entire game.
 E = Experience gained in this place as a percentage of experience gained in the entire game.
 F = Experience gained in this place divided by the number of levels of this place that you have seen.
                   A       B       C       D       E      F
               +-------+-------+-------+-------+-------+----------------------
         Total | 100.0 | 100.0 |   N/A |   N/A | 100.0 |  20.0
       Dungeon | 100.0 | 100.0 |   N/A |   N/A | 100.0 |  20.0
               +-------+-------+-------+-------+-------+----------------------

Table legend: (Time is in decaauts)
 A = Elapsed time spent in this place.
 B = Non-inter-level travel time spent in this place.
 C = Inter-level travel time spent in this place.
 D = Time resting spent in this place.
 E = Time spent auto-exploring this place.
 F = Levels seen in this place.
 G = Mean time per level.
                   A        B        C        D        E       F      G
               +--------+--------+--------+--------+--------+-----+--------+
         Total |   1121 |   1094 |     27 |      6 |    820 |   3 |  373.7 |
       Dungeon |   1121 |   1094 |     27 |      6 |    820 |   3 |  373.7 |
               +--------+--------+--------+--------+--------+-----+--------+

Top non-repeatable levels by time:
     D:1: 827 daAuts
     D:3: 164 daAuts
     D:2: 129 daAuts
